 Dungeon Sprint DCSS version 0.27-a0-1512-g99fd57bada (webtiles) character file.

Game seed: 2712789461716804512

6132 Conn the Arsonist (level 10, -23/59 HPs)
             Began as an Octopode Fire Elementalist on July 9, 2021.
             Was a Priest of Sif Muna.
             Shot with a bolt by a yaktaur captain (36 damage)
             ... in the Dungeon (Sprint II: "The Violet Keep of Menkaure").
             The game lasted 00:20:43 (1801 turns).

Conn the Arsonist (Octopode Fire Elementalist)      Turns: 1801, Time: 00:20:44

Health: -23/59     AC:  3    Str:  8    XL:     10   Next: 89%
Magic:  2/26       EV: 17    Int: 20    God:    Sif Muna [***...]
Gold:   263        SH:  0    Dex: 19    Spells: 11/34 levels left

rFire    . . .     SeeInvis .     - Unarmed
rCold    . . .     Faith    .   (no shield)
rNeg     . . .     Spirit   .   e - +2 hat
rPois    .         Reflect  .   (no amulet)
rElec    .         Harm     .   i - +6 ring of dexterity
rCorr    .         Rampage  .   (no ring)
Will     .....     NoTele   +   (no ring)
Stlth    +++++.....             (no ring)
HPRegen  0.19/turn              (no ring)
MPRegen  0.20/turn              (no ring)
                                (no ring)
                                (no ring)

@: mighty
A: almost no armour, amphibious, 8 rings, camouflage 1, gelatinous body 1,
(nimble swimmer 1), tentacles
a: Renounce Religion, Channel Magic, Forget Spell


You were in the Dungeon.
You worshipped Sif Muna.
Sif Muna was most pleased with you.
You visited 1 branch You collected 1274 gold pieces.
You spent 1011 gold pieces at shops.

Inventory:

Hand Weapons
 c - the +7 mace of the Hills {freeze, *Noise rPois rF- Dex+9}
   (You bought it in a shop in the Dungeon)

   It has been specially enchanted to freeze those struck by it, causing extra
   injury to most foes and up to half again as much damage against particularly
   susceptible opponents.
   It can also slow down cold-blooded creatures.
   Dex:       It affects your dexterity (+9).
   rF:        It makes you vulnerable to fire.
   rPois:     It protects you from poison.
   *Noise:    It may make noises in combat.
Missiles
 r - 2 curare-tipped darts (quivered)
Armour
 e - a +2 hat (worn)
Jewellery
 i - a +6 ring of dexterity (left tentacle)
Scrolls
 f - 2 scrolls of blinking
 j - 2 scrolls of fear {unknown}
 k - 2 scrolls of vulnerability {unknown}
 m - a scroll of silence {unknown}
 p - 2 scrolls of magic mapping {unknown}
Potions
 a - 3 potions of curing
 b - 2 potions of degeneration
 d - 3 potions of magic
 g - a potion of might
 h - 2 potions of attraction {unknown}
 l - 3 potions of flight {unknown}
 n - 3 potions of resistance {unknown}
 o - 3 potions of mutation {unknown}
 q - a potion of berserk rage


   Skills:
 + Level 1.6 Fighting
 + Level 6.5 Dodging
 + Level 8.4 Stealth
 - Level 3.0 Unarmed Combat
 * Level 12.5 Spellcasting
 * Level 11.2 Conjurations
 + Level 3.9 Summonings
 - Level 4.7 Translocations
 * Level 14.1 Fire Magic
 - Level 3.0 Air Magic
 - Level 3.7 Poison Magic


You had 11 spell levels left.
You knew the following spells:

 Your Spells              Type           Power      Damage    Failure   Level
a - Foxfire               Conj/Fire      100%       2x1d9     1%          1
b - Conjure Flame         Conj/Fire      58%        6-21      1%          3
c - Inner Flame           Hex/Fire       40%        N/A       1%          3
d - Sticky Flame          Conj/Fire      58%        2d7       1%          4
e - Fireball              Conj/Fire      29%        3d13      1%          5
f - Blink                 Tloc           N/A        N/A       1%          2
g - Call Imp              Summ           28%        N/A       1%          2
h - Mephitic Cloud        Conj/Pois/Air  36%        N/A       1%          3

Your spell library contained the following spells:

 Spells                   Type           Power      Damage    Failure   Level
 Magic Dart               Conj           100%       1d8       1%          1
 Lesser Beckoning         Tloc           15%        N/A       2%          3
 Sandblast                Erth           24%        2d8       5%          1
 Passwall                 Tmut/Erth      10%        N/A       9%          2
 Manifold Assault         Tloc           31%        N/A       22%         5
 Lee's Rapid Deconstruct  Erth           6%         3d7*      83%         5


Dungeon Overview and Level Annotations

Branches:
Dungeon (1/1)

Altars:
Cheibriados
Dithmenos
Elyvilon
Fedhas
Gozag
Hepliaklqana
Kikubaaqudgha
Makhleb
Nemelex Xobeh
Okawaru
Qazlal
Ru
Sif Muna
Trog
Uskayaw
Vehumet
Wu Jian
Xom
Yredelemnul
Zin
The Shining One
Beogh
Jiyva
Lugonu

Shops:
D :![=**:[!=?[((=

Annotations:
D exclusion: oklob plant


Innate Abilities, Weirdness & Mutations

You cannot wear most types of armour.
You are amphibious.
You can wear up to eight rings at the same time.
Your skin changes colour to match your surroundings (Stealth+).
Your rubbery body absorbs attacks. (AC +1, EV +1)
((You are camouflaged near water. (Stealth+)))
You have tentacles for arms and can constrict up to eight enemies at once.


Message History

The fireball explodes!
Unknown command.
Casting: Fireball (dangerous; 1% risk of failure)
Confirm with . or Enter, or press ? or * to list all spells.
Aiming: Fireball (dangerous; 1% risk of failure)
Press: ? - help, Shift-Dir - straight line, f - yaktaur captain
Aim: a yaktaur captain, quivering bolts (lightly wounded)
Okay, then.
Casting: Fireball (dangerous; 1% risk of failure)
Confirm with . or Enter, or press ? or * to list all spells.
Aiming: Mephitic Cloud (safe; 1% risk of failure)
Press: ? - help, Shift-Dir - straight line, f - yaktaur captain
Aim: a yaktaur captain, quivering bolts (lightly wounded, chance to affect: 34%)
The ball explodes into a vile cloud!
The stinking cloud engulfs the yaktaur captain but does no damage.
The yaktaur captain is lightly wounded.
The yaktaur captain is engulfed in noxious fumes.
The yaktaur captain wields a +0 arbalest.
The yaktaur captain shoots a bolt.
The bolt hits you!!!
Ouch! That really hurt!
* * * LOW HITPOINT WARNING * * *
Unknown command.
Unknown command.
Okay, then.
Okay, then.
It was a potion of might.
You feel very mighty all of a sudden.
Okay, then.
Casting: Mephitic Cloud (safe; 1% risk of failure)
Confirm with . or Enter, or press ? or * to list all spells.
Aiming: Mephitic Cloud (safe; 1% risk of failure)
Press: ? - help, Shift-Dir - straight line, f/p - yaktaur captain
Aim: a yaktaur captain, wielding a +0 arbalest and quivering bolts (lightly wounded, chance to affect: 34%)
The ball explodes into a vile cloud!
The stinking cloud engulfs the yaktaur captain but does no damage.
The yaktaur captain is lightly wounded.
The yaktaur captain is engulfed in noxious fumes.
The yaktaur captain shoots a bolt.
The bolt hits you!!!
Ouch! That really hurt!
You die...

###§§≈≈≈§≈§≈## # '≈§§†≈§≈≈§≈≈#
c{####§†§§§§§§≈ ..§##§≈§§≈≈
############≈≈#§c'#+++##
###########≈≈≈§§≈.c....#
##.....∩.∩#≈≈≈≈.##'##..# #.
##....∩...#≈≈≈≈###c###.#### +^##
##...∩.∩..#≈≈≈≈#@.#..# ...# ...
##..∩.∩...#≈≈####.#.####..## #^.
##.⌠.∩...Y#{##.###'###.##..# +..
##..∩.∩...#≈#...##.##.#.#..# #..
##...∩.∩..)Y'##.'.<.'###'..####..
##....∩.∩.#≈#...##)##.#.#....###^
#▓▓▓▓▓▓▓###≈##.###'###.##......≈≈
##(Dh######≈≈####..(####≈≈.....≈#
#$$h#. ##≈≈≈#..#..#≈≈≈≈≈≈≈..§#


You could see a yaktaur captain.

Vanquished Creatures
  Kirke (D)
  A centaur warrior (D)
  A skeletal warrior (D)
  An elephant (D)
  A merfolk siren (D)
  A kobold demonologist (D)
  An unseen horror (D)
  A yaktaur (D)
  3 polar bears (D)
  A hornet (D)
  2 wyverns (D)
  A water moccasin (D)
  4 necrophages (D)
  5 scorpions (D)
  7 electric eels (D)
31 creatures vanquished.

Vanquished Creatures (others)
  Menkaure (D)
  A water moccasin (D)
  76 foxfires (D)
  8 tentacles (D)
86 creatures vanquished.

Grand Total: 117 creatures vanquished

Notes
Turn   | Place    | Note
-------+----------+-------------------------------------------
     0 | D        | Conn the Octopode Fire Elementalist began the quest for the
                  | Orb.
     0 | D        | Reached XP level 1. HP: 11/11 MP: 3/3
     1 | D        | Noticed a necrophage
     1 | D        | Noticed a necrophage
     1 | D        | Noticed a necrophage
     1 | D        | Noticed a necrophage
     9 | D        | Killed a necrophage
    10 | D        | Reached skill level 1 in Unarmed Combat
    10 | D        | Reached skill level 6 in Fire Magic
    10 | D        | Reached XP level 2. HP: 17/17 MP: 3/6
    10 | D        | Reached XP level 3. HP: 21/21 MP: 4/8
    10 | D        | Reached XP level 4. HP: 27/27 MP: 4/9
    12 | D        | Killed a necrophage
    13 | D        | Reached skill level 5 in Stealth
    13 | D        | Reached skill level 8 in Fire Magic
    13 | D        | Reached XP level 5. HP: 31/31 MP: 4/12
    17 | D        | Killed a necrophage
    18 | D        | Reached skill level 5 in Spellcasting
    18 | D        | Reached skill level 9 in Fire Magic
    18 | D        | Reached XP level 6. HP: 36/36 MP: 4/14
    22 | D        | Killed a necrophage
    23 | D        | Reached skill level 5 in Dodging
    23 | D        | Reached skill level 10 in Fire Magic
    37 | D        | Learned a level 3 spell: Conjure Flame
    41 | D        | Learned a level 3 spell: Inner Flame
    46 | D        | Learned a level 4 spell: Sticky Flame
    52 | D        | Learned a level 5 spell: Fireball
    52 | D        | Noticed a merfolk siren
    73 | D        | Killed Menkaure
    78 | D        | Killed a merfolk siren
    79 | D        | Reached skill level 11 in Fire Magic
    79 | D        | Reached XP level 7. HP: 15/41 MP: 1/17
    94 | D        | Found Yniontu's Antique Armour Shoppe.
    94 | D        | Found Jydug's Antique Armour Shoppe.
    94 | D        | Found Rifa Rer's Book Emporium.
    94 | D        | Found Ycvuapto's Jewellery Shoppe.
    94 | D        | Found Efanwep's Magic Scroll Emporium.
    95 | D        | Found Dalyse's Weapon Emporium.
    95 | D        | Found Joninelelli's Jewellery Shoppe.
    95 | D        | Found Koeni's Distillery.
    95 | D        | Found Namaunucyf's General Store.
    95 | D        | Found Satead's Jewellery Emporium.
    96 | D        | Found Mivor's Antique Armour Shoppe.
    96 | D        | Found Hiep's Distillery.
    97 | D        | Found Jarheg's Antique Weapon Shoppe.
    97 | D        | Found Byckonlomik's General Store.
    98 | D        | Noticed an ice dragon
    98 | D        | Noticed an oklob plant
    99 | D        | Found Zocroqar's Book Shoppe.
   102 | D        | Noticed a hell hog
   102 | D        | Noticed a hell hog
   104 | D        | Noticed a death yak
   116 | D        | Bought a book of Minor Magic for 180 gold pieces
   138 | D        | Bought a book of Spatial Translocations for 260 gold pieces
   141 | D        | Learned a level 2 spell: Blink
   144 | D        | Learned a level 2 spell: Call Imp
   282 | D        | Reached skill level 1 in Summonings
   282 | D        | Reached skill level 1 in Translocations
   298 | D        | Reached XP level 8. HP: 31/46 MP: 10/19
   310 | D        | Noticed an orange crystal statue
   352 | D        | Noticed a wyvern
   352 | D        | Noticed a wyvern
   373 | D        | Killed a wyvern
   428 | D        | Killed a wyvern
   486 | D        | Reached skill level 5 in Conjurations
   486 | D        | Reached skill level 12 in Fire Magic
   614 | D        | Learned a level 3 spell: Mephitic Cloud
   633 | D        | Bought a steaming mace for 200 gold pieces
   633 | D        | Identified the +7 mace of the Hills {freeze, *Noise rPois
                  | rF- Dex+9} (You bought it in a shop in the Dungeon)
   639 | D        | Bought an embroidered hat for 196 gold pieces
   650 | D        | Bought a scroll of blinking for 105 gold pieces
   681 | D        | Found a stormy altar of Qazlal.
   681 | D        | Found an ornate altar of the Wu Jian Council.
   682 | D        | Found a hazy altar of Hepliaklqana.
   682 | D        | Found a sacrificial altar of Ru.
   682 | D        | Found a shimmering altar of Xom.
   683 | D        | Found a viscous altar of Jiyva.
   683 | D        | Found a shimmering blue altar of Sif Muna.
   683 | D        | Found a glowing golden altar of the Shining One.
   683 | D        | Found a basalt altar of Yredelemnul.
   684 | D        | Found a snail-covered altar of Cheibriados.
   684 | D        | Found an ancient bone altar of Kikubaaqudgha.
   684 | D        | Found a bloodstained altar of Trog.
   685 | D        | Found a shadowy altar of Dithmenos.
   685 | D        | Found a corrupted altar of Lugonu.
   686 | D        | Found a white marble altar of Elyvilon.
   686 | D        | Found a burning altar of Makhleb.
   687 | D        | Found a blossoming altar of Fedhas.
   688 | D        | Found an opulent altar of Gozag.
   688 | D        | Noticed a polar bear
   691 | D        | Found a hide-covered altar of Uskayaw.
   691 | D        | Found a sparkling altar of Nemelex Xobeh.
   691 | D        | Noticed a hornet
   693 | D        | Found a glowing silver altar of Zin.
   693 | D        | Found a radiant altar of Vehumet.
   693 | D        | Found an iron altar of Okawaru.
   693 | D        | Noticed a yaktaur
   694 | D        | Noticed a polar bear
   699 | D        | Killed a polar bear
   699 | D        | Noticed a polar bear
   700 | D        | Reached skill level 1 in Air Magic
   700 | D        | Reached skill level 1 in Poison Magic
   704 | D        | Killed a hornet
   705 | D        | Reached XP level 9. HP: 39/51 MP: 4/22
   706 | D        | Killed a polar bear
   722 | D        | Killed a yaktaur
   730 | D        | Became a worshipper of Sif Muna the Loreminder
   750 | D        | Killed a polar bear
   772 | D        | Noticed a kraken
  1334 | D        | Bought a potion of heal wounds for 70 gold pieces
  1345 | D        | Noticed a centaur warrior
  1345 | D        | Noticed Kirke
  1345 | D        | Noticed a skeletal warrior
  1369 | D        | Noticed a yaktaur captain
  1393 | D        | Noticed a lindwurm
  1394 | D        | Killed a skeletal warrior
  1394 | D        | Killed Kirke
  1394 | D        | Reached * piety under Sif Muna
  1395 | D        | Reached skill level 1 in Fighting
  1395 | D        | Reached skill level 10 in Conjurations
  1395 | D        | Reached skill level 13 in Fire Magic
  1395 | D        | Reached XP level 10. HP: 30/58 MP: 12/25
  1403 | D        | Noticed a kobold demonologist
  1410 | D        | Killed a kobold demonologist
  1484 | D        | Noticed an elephant
  1485 | D        | Killed a centaur warrior
  1616 | D        | Noticed an unseen horror
  1621 | D        | Killed an unseen horror
  1621 | D        | Reached ** piety under Sif Muna
  1649 | D        | Killed an elephant
  1650 | D        | Reached skill level 14 in Fire Magic
  1791 | D        | Reached *** piety under Sif Muna
  1801 | D        | Shot with a bolt by a yaktaur captain

Illustrated notes

Levels and vault maps discovered:
D:        the_violet_keep_of_menkaure [sprint2_stairs_cluster_1,
          sprint2_shoproom, sprint2_temple, sprint2_basic_supplies,
          sprint2_obstacle_4, sprint2_obstacle_1, sprint2_obstacle_7,
          sprint2_obstacle_6, sprint2_obstacle_5, sprint2_timed_cluster_1,
          sprint2_smallroom_cluster_1, sprint2_smallroom_final_cluster_1,
          sprint2_transparent_cluster_1, sprint2_second_timed_cluster_1,
          sprint2_sniper_area_1, sprint2_heavy_combat_area_1,
          sprint2_mutation_trap_area_1, sprint2_forest_area_1,
          sprint2_light_combat_area_1, sprint2_behind_water_1,
          sprint2_near_end_vault_1]

Skill      XL: |  1  2  3  4  5  6  7  8  9 10 |
---------------+-------------------------------+-----
Dodging        | 3 4 5 6 |  6.5
Stealth        | 4 5 7 8 |  8.4
Unarmed Combat | 1 2 3 |  3.0
Spellcasting   | 3 4 5 7 9 11 12 | 12.5
Fire Magic     | 6 8 9 11 12 13 14 | 14.1
Conjurations   | 3 4 6 10 11 | 11.2
Summonings     | 1 3 |  3.9
Translocations | 1 3 4 |  4.7
Air Magic      | 1 3 |  3.0
Poison Magic   | 2 3 |  3.7
Fighting       | 1 |  1.6

Action                   |  1- 3 |  4- 6 |  7- 9 | 10-12 || total
-------------------------+-------+-------+-------+-------++-------
Melee: Unarmed           |     6 |    15 |       |     3 ||    24
       Tentacles         |     2 |     2 |       |     1 ||     5
       Constrict         |     1 |     4 |       |     1 ||     6
Throw: Dart              |       |       |       |     1 ||     1
 Cast: Foxfire           |       |     6 |    33 |     3 ||    42
       Conjure Flame     |       |     2 |     4 |       ||     6
       Sticky Flame      |       |       |     5 |     4 ||     9
       Fireball          |       |       |    10 |     8 ||    18
       Mephitic Cloud    |       |       |    13 |     2 ||    15
       Call Imp          |       |       |     1 |       ||     1
  Use: Potion            |     2 |       |     4 |     2 ||     8
Armor: Skin              |       |     2 |     2 |     4 ||     8
Dodge: Dodged            |     3 |     3 |     7 |    14 ||    27

Table legend: (Time is in decaauts)
 A = Elapsed time spent in this place.
 B = Non-inter-level travel time spent in this place.
 C = Inter-level travel time spent in this place.
 D = Time resting spent in this place.
 E = Time spent auto-exploring this place.
 F = Levels seen in this place.
 G = Mean time per level.
                   A        B        C        D        E       F      G
               +--------+--------+--------+--------+--------+-----+--------+
         Total |   1795 |   1795 |      0 |    928 |      0 |   1 | 1795.0 |
       Dungeon |   1795 |   1795 |      0 |    928 |      0 |   1 | 1795.0 |
               +--------+--------+--------+--------+--------+-----+--------+

Top non-repeatable levels by time:
       D: 1795 daAuts
